 Dungeon Crawl Stone Soup version 0.31-a0-145-g046c7d2549 (webtiles) character file.

Game seed: 793928494100318028

2296 jasper the Digger (level 8, -3/66 HPs)
             Began as a Demigod Earth Elementalist on June 6, 2023.
             Slain by Joseph
             ... wielding a +0 quarterstaff
              (9 damage)
             ... on level 7 of the Dungeon.
             The game lasted 00:09:15 (7287 turns).

jasper the Digger (Demigod Earth Elementalist)      Turns: 7287, Time: 00:09:15

Health: -3/66      AC:  8    Str: 12    XL:     8   Next: 97%
Magic:  15/17      EV: 16    Int: 25    God:
Gold:   264        SH:  0    Dex: 14    Spells: 2/15 levels left

rFire   . . .        z - staff of earth
rCold   . . .        (no shield)
rNeg    . . .        h - +0 ring mail
rPois   .            (no helmet)
rElec   .            u - +0 cloak
rCorr   .            F - +0 pair of gloves {Str+3}
SInv    .            G - +0 pair of boots
Will    .....        (no amulet)
Stlth   +            k - +5 ring of evasion
HPRegen 0.31/turn    (no ring)
MPRegen 0.15/turn

%: no passive effects
@: no status effects
A: high MP 1, forlorn, divine attributes
a: no special abilities


You were on level 7 of the Dungeon.
You visited 1 branch of the dungeon, and saw 7 of its levels.
You also visited: Ossuary.

You collected 456 gold pieces.
You spent 192 gold pieces at shops.

Inventory:

Hand Weapons
 f - a +0 trident
 j - a +0 short sword
Missiles
 i - 2 poisoned darts
 H - a throwing net
Armour
 a - a +0 robe
 e - a +0 leather armour
 g - a +1 pair of gloves
 h - a +0 ring mail (worn)
 t - a +2 robe of fire resistance
 u - a +0 cloak (worn)
 F - a +0 pair of gloves of strength (worn)
 G - a +0 pair of boots (worn)
Magical Staves
 z - a staff of earth (weapon)
 A - a staff of air
Jewellery
 k - a +5 ring of evasion (left hand)
 D - a ring of see invisible
 M - an amulet of reflection
Wands
 B - a wand of charming (14)
Scrolls
 d - a scroll of noise
 n - 6 scrolls of teleportation
 w - a scroll of magic mapping
 x - a scroll of blinking
 y - a scroll of identify
 I - a scroll of immolation
 J - a scroll of poison
 K - a scroll of fear
Potions
 b - a potion of magic
 c - 2 potions of attraction
 l - 2 potions of berserk rage
 m - 4 potions of mutation
 o - a potion of enlightenment
 p - 2 potions of degeneration {unknown}
 q - a potion of cancellation {unknown}
 r - 8 potions of curing {unknown}
 s - 4 potions of heal wounds {unknown}
 v - 2 potions of might {unknown}
 C - a potion of brilliance {unknown}
 E - a potion of invisibility {unknown}
 L - a potion of ambrosia {unknown}


   Skills:
 + Level 3.7 Fighting
 + Level 4.2 Dodging
 - Level 1.7 Stealth
 - Level 4.0 Spellcasting
 * Level 3.8 Conjurations
 - Level 2.1 Necromancy
 - Level 0.8 Transmutations
 * Level 1.7 Ice Magic
 * Level 2.9 Air Magic
 - Level 6.5 Earth Magic
 - Level 2.1 Poison Magic


You had 2 spell levels left.
You knew the following spells:

 Your Spells              Type           Power      Damage    Failure   Level
a - Sandblast             Erth           100%       2d20      1%          1
b - Passwall              Tmut/Erth      29%        N/A       7%          2
c - Stone Arrow           Conj/Erth      92%        3d12      8%          3
d - Cigotuvi's Dreadful   Necr/Pois/Air  32%        N/A       12%         2
e - Freezing Cloud        Conj/Ice/Air   9%         6-21      88%         5

Your spell library contained the following spells:

 Spells                   Type           Power      Damage    Failure   Level
 Magic Dart               Conj           96%        1d7       4%          1
 Searing Ray              Conj           48%        2d6       7%          2
 Ignite Poison            Fire/Tmut/Pois 10%        N/A       38%         3
 Petrify                  Tmut/Erth      35%        N/A       41%         4
 Animate Armour           Summ/Erth      62%        N/A       47%         4
 Gell's Gravitas          Tloc           5%         N/A       52%         3
 Teleport Other           Tloc           5%         N/A       52%         3
 Fulminant Prism          Conj/Hex       7%         3d7       67%         4
 Summon Lightning Spire   Summ/Air       12%        N/A       75%         4
 Blade Hands              Tmut           4%         N/A       99%         5
 Dispersal                Tloc           2%         N/A       100%        6


Dungeon Overview and Level Annotations

Branches:
Dungeon (7/15)             Temple (0/1) D:6         Ossuary (visited)

Shops:
D:7 [

Annotations:
D:7 Joseph


Innate Abilities, Weirdness & Mutations

You have an increased reservoir of magic. (+10% MP)
You shall have no god before yourself.
Your divine heritage dramatically boosts your attributes as you level up.


Message History

Aiming: Sandblast (safe; 1% risk of failure)
Press: ? - help, Q - select action, (/) - cycle Shift-Dir - straight line, f - you That would be overly suicidal.
Okay, then.
You see here a +0 leather armour.
M - an amulet of reflection MP restored: 17
c - 2 potions of attraction (gained 1) Joseph, a Mercenary comes into view.
He is wielding a +0 quarterstaff.
Joseph unwields a +0 quarterstaff.
Joseph wields a +0 sling.
Joseph shoots a sling bullet.
The sling bullet closely misses you.
Joseph is nearby!
Joseph shoots a sling bullet.
The sling bullet hits you!
You take 7 damage, and have 59/66 hp.
Joseph shoots a sling bullet.
The sling bullet hits you!
You take 12 damage, and have 47/66 hp.
Found 16 gold pieces and a scroll of amnesia.
Joseph shoots a sling bullet.
The sling bullet hits you.
You take 4 damage, and have 43/66 hp.
Joseph shoots a sling bullet.
The sling bullet completely misses you.
Joseph unwields a +0 sling.
Joseph wields a +0 quarterstaff.
Joseph hits you with a +0 quarterstaff!
You take 7 damage, and have 36/66 hp.
Aiming: Sandblast (safe; 1% risk of failure)
Press: ? - help, Q - select action, (/) - cycle Shift-Dir - straight line, f - Joseph
Aim: Joseph, wielding a +0 quarterstaff and wearing a +0 ring mail (87% to hit)
You feel a surge of power!
The blast of sand hits Joseph!
Joseph is moderately wounded.
Joseph hits you with a +0 quarterstaff!!
* * * LOW HITPOINT WARNING * * *
Joseph hits you with a +0 quarterstaff!
* * * LOW HITPOINT WARNING * * *
You take 30 damage, and have 6/66 hp.
MASSIVE DAMAGE!!
You now have 16/17 mp.
Aiming: Sandblast (safe; 1% risk of failure)
Press: ? - help, Q - select action, (/) - cycle Shift-Dir - straight line, f/p - Joseph
Aim: Joseph, wielding a +0 quarterstaff and wearing a +0 ring mail (moderately wounded, 87% to hit)
You feel a surge of power!
The blast of sand hits Joseph!!
Joseph is heavily wounded.
Joseph hits you with a +0 quarterstaff!
You die...

#......#..#
.###.##.##.# #.####
#.###).#..# # #.>.<....
#....# #......[#
####...### ####.#
#....#.## #....(.# #.#
#......#.# #
#.##...###. #.#
###..#.#.##
#.##.#.....$.? #.#
.....#.#.. ..
.......... #.##
####.#.######.##.#...##
#..# ####.#..
......@@..?..###.# ##.#
.....###
#######..........# #.#
######
####$..#########.#
#..........))...
#.##.#########.# #. #.#
#.# #. #.# #.# #. #.#
#.. #.##.# ###


You could see Joseph.

Vanquished Creatures
  2 orc warriors
  An ice beast (D:5)
  2 black bears
  An ogre (D:4)
  An elf zombie (Ossuary)
  3 bullfrogs
  2 scorpions (D:6)
  6 killer bees (D:7)
  A howler monkey (D:5)
  A centaur zombie (Ossuary)
  4 hounds
  An orc priest (D:5)
  2 human zombies (Ossuary)
  A gnoll bouda (D:6)
  2 sleepcaps
  9 orc wizards
  Terence (D:3)
  4 iguanas (D:6)
  2 hound zombies (Ossuary)
  4 mummies
  8 gnolls
  11 adders
  A white imp (D:7)
  An ufetubus (D:6)
  A worm (D:4)
  2 dart slugs
  17 orcs
  8 ball pythons
  9 bats
  5 endoplasms
  A giant cockroach (D:3)
  5 goblins
  7 hobgoblins
  5 kobolds
  3 frilled lizards
  4 gnoll zombies (Ossuary)
  7 goblin zombies
  5 hobgoblin zombies (Ossuary)
  A jackal zombie (Ossuary)
  A kobold zombie (Ossuary)
  2 orc zombies (Ossuary)
  8 quokka zombies (Ossuary)
  5 rats
  3 rat zombies (Ossuary)
170 creatures vanquished.

Notes
Turn   | Place    | Note
-------+----------+-------------------------------------------
     0 | D:1      | jasper the Demigod Earth Elementalist began the quest for
                  | the Orb.
     0 | D:1      | Reached XP level 1. HP: 14/14 MP: 5/5
   207 | D:1      | Reached skill level 3 in Earth Magic
   587 | D:1      | Reached XP level 2. HP: 20/20 MP: 5/7
   608 | D:1      | Learned a level 2 spell: Passwall
  1282 | D:2      | Reached XP level 3. HP: 26/26 MP: 4/8
  1326 | D:2      | Reached skill level 4 in Earth Magic
  1540 | D:2      | Found the -2 hat of the Alchemist {rElec rPois rF+ rC+ rN+
                  | Will+ rMut rCorr}
  2271 | D:3      | Noticed Terence
  2281 | D:3      | Killed Terence
  2282 | D:3      | Reached XP level 4. HP: 29/33 MP: 0/9
  2597 | D:4      | Reached skill level 5 in Earth Magic
  2790 | D:4      | Reached XP level 5. HP: 38/38 MP: 7/10
  2858 | D:4      | Noticed an ogre
  2869 | D:4      | Killed an ogre
  2870 | D:4      | Reached skill level 6 in Earth Magic
  2966 | D:4      | Reached XP level 6. HP: 25/45 MP: 3/11
  2970 | D:4      | Learned a level 3 spell: Stone Arrow
  3359 | D:4      | Reached skill level 1 in Conjurations
  3362 | D:4      | Reached skill level 1 in Fighting
  3446 | D:4      | Learned a level 2 spell: Cigotuvi's Dreadful Rot
  3528 | D:5      | Entered Level 5 of the Dungeon
  3938 | D:5      | Reached skill level 1 in Necromancy
  3938 | D:5      | Reached skill level 1 in Air Magic
  3938 | D:5      | Reached skill level 1 in Poison Magic
  3938 | D:5      | Reached XP level 7. HP: 37/52 MP: 7/12
  5071 | D:6      | Reached XP level 8. HP: 45/62 MP: 7/14
  5666 | D:6      | Found a staircase to the Ecumenical Temple.
  5824 | D:7      | Found Adde's Armour Boutique.
  6016 | D:7      | Bought a +0 pair of gloves of strength for 138 gold pieces
  6016 | D:7      | Bought a +0 pair of boots for 54 gold pieces
  6046 | D:7      | Learned a level 5 spell: Freezing Cloud
  6301 | D:7      | Found a sand-covered staircase.
  6307 | Ossuary  | Entered an ossuary
  6770 | Ossuary  | Reached skill level 1 in Ice Magic
  7280 | D:7      | Noticed Joseph
  7287 | D:7      | Slain by Joseph

Illustrated notes

Levels and vault maps discovered:
D:1:      dpeg_arrival_water_temple_mockup, layout_basic,
          shapermc_ecumenical_altar_notcrosses
D:2:      layout_rooms, minmay_stone_trees_medium
D:3:      layout_basic, mainiacjoe_overflow_tiny_flanked, serial_glass,
          glass_columns_c, glass_columns_b, uniq_terence
D:4:      layout_basic, nicolae_overflow_crystal_walls, kennysheep_little_box
D:5:      layout_basic, trog_book
D:6:      layout_cave_pods, mainiacjoe_overflow_cross_hatched,
          lemuel_tele_altar, minmay_temple_entry_nine_rooms,
          minmay_increasing_density
D:7:      layout_loops_ring, serial_shops, nicolae_stop_n_shop_2,
          nicolae_ossuary_entry_giza, nicolae_alphabet_shops,
          nicolae_nh_ransacked_shop, uniq_joseph

Skill      XL: |  1  2  3  4  5  6  7  8 |
---------------+-------------------------+-----
Earth Magic    | 3 4 5 6 |  6.5
Dodging        | 2 3 4 |  4.2
Conjurations   | 1 2 3 |  3.8
Fighting       | 1 2 3 |  3.7
Necromancy     | 1 2 |  2.1
Air Magic      | 1 2 |  2.9
Poison Magic   | 1 2 |  2.1
Spellcasting   | 2 4 |  4.0
Ice Magic      | 1 |  1.7
Stealth        | |  1.7
Transmutations | |  0.8

Action                     |  1- 3 |  4- 6 |  7- 9 || total
---------------------------+-------+-------+-------++-------
  Melee: Staff             |       |     4 |    26 ||    30
   Cast: Sandblast         |    61 |    65 |   139 ||   265
    Use: Scroll            |     8 |       |     7 ||    15
 Armour: Leather armour    |     1 |       |       ||     1
         Ring mail         |     5 |     5 |    28 ||    38
  Dodge: Dodged            |    15 |    16 |    82 ||   113

Table legend: (Time is in decaauts)
 A = Elapsed time spent in this place.
 B = Non-inter-level travel time spent in this place.
 C = Inter-level travel time spent in this place.
 D = Time resting spent in this place.
 E = Time spent auto-exploring this place.
 F = Levels seen in this place.
 G = Mean time per level.
                   A        B        C        D        E       F      G
               +--------+--------+--------+--------+--------+-----+--------+
         Total |   7419 |   7237 |    182 |    370 |   5910 |   8 |  927.4 |
       Dungeon |   6702 |   6520 |    182 |    270 |   5421 |   7 |  957.4 |
       Ossuary |    716 |    716 |      0 |    100 |    489 |   1 |  716.0 |
               +--------+--------+--------+--------+--------+-----+--------+

Top non-repeatable levels by time:
     D:6: 1313 daAuts
     D:5: 1189 daAuts
     D:1: 1048 daAuts
     D:4: 1025 daAuts
     D:2: 760 daAuts
     D:3: 742 daAuts
 Ossuary: 716 daAuts
     D:7: 623 daAuts
